 Dungeon Crawl Stone Soup version 0.17-a0-1804-gf6433eb (webtiles) character file.

394 Neuromancien059 the Ruffian (level 6, -4/61 HPs)
             Began as a Troll Monk on Sept 11, 2015.
             Was a Priest of Makhleb.
             Slain by shakdrar's ghost (15 damage)
             ... on level 4 of the Dungeon.
             The game lasted 00:30:25 (2216 turns).

Neuromancien059 the Ruffian (Troll Monk)            Turns: 2216, Time: 00:30:25

Health: -4/61      AC:  6    Str: 27    XL:     6   Next: 51%
Magic:  5/5        EV: 17    Int:  6    God:    Makhleb [***...]
Gold:   178        SH:  0    Dex: 17    Spells: 0 memorised, 5 levels left

rFire  . . .     SeeInvis .       - Unarmed
rCold  + . .     Clarity  .     s - +0 robe
rNeg   . . .     SustAt   .     (no shield)
rPois  .         Gourm    +     (helmet restricted)
rElec  .         Spirit   .     n - +0 cloak
rCorr  .         Warding  .     (gloves unavailable)
rMut   .         Stasis   .     (boots unavailable)
MR     .....                    m - amulet of faith
Stlth  +++.......               (no ring)
                                w - ring of protection from cold

@: mighty, agile, not resistant to hostile enchantments, fairly stealthy
A: unfitting armour, claws 3, fast metabolism 3, gourmand, regeneration 2,
shaggy fur 1, tough skin 2
a: Minor Destruction, Lesser Servant of Makhleb, Renounce Religion


You were on level 4 of the Dungeon.
You worshipped Makhleb.
Makhleb was most pleased with you.
You were not hungry.

You visited 1 branch of the dungeon, and saw 4 of its levels.

You collected 178 gold pieces.

Inventory:

Hand weapons
 v - a +0 quarterstaff
Armour
 a - a +0 robe
 j - a +0 robe
 k - a +0 robe
 n - a +0 cloak (worn)
 o - a +0 robe
 r - a +0 robe
 s - a +0 robe (worn)
 t - a +0 robe
 u - a +0 robe
Jewellery
 m - an amulet of faith (around neck)
 w - a ring of protection from cold (left claw)
 x - a +2 ring of strength {unknown}
Scrolls
 c - 6 scrolls of remove curse {unknown}
 d - a scroll of amnesia {unknown}
 e - a scroll of noise {unknown}
 g - a scroll of blinking {unknown}
 i - 3 scrolls of identify {unknown}
 z - 3 scrolls of teleportation {unknown}
Potions
 h - a potion of poison
Books
 y - a book of Conjurations

   Spells                             Type                      Level
   a - Magic Dart                     Conjuration                  1
   b - Searing Ray                    Conjuration                  2
   c - Dazzling Spray                 Conjuration/Hexes            3
   d - Fulminant Prism                Conjuration/Hexes            4
   e - Iskenderun's Mystic Blast      Conjuration                  4
   f - Iskenderun's Battlesphere      Conjuration/Charms           5
Comestibles
 b - 2 bread rations
 A - 12 chunks of flesh


   Skills:
 + Level 3.3 Fighting
 + Level 4.0 Dodging
 + Level 2.0 Stealth
 + Level 5.6 Unarmed Combat


You had 5 spell levels left.
You didn't know any spells.

Dungeon Overview and Level Annotations

Branches:
Dungeon (4/15)
 Temple: D:4-7

Altars:
Fedhas
Kikubaaqudgha
Makhleb
Qazlal

Annotations:
D:4 shakdrar's ghost, experienced DsFi


Innate Abilities, Weirdness & Mutations

You are too large for most types of armour.
You have claws for hands.
Your metabolism is lightning-fast.
You like to eat raw meat.
You heal very quickly.
You are covered in fur (AC +1).
You have very tough skin (AC +2).


Message History

You scratch shakdrar's ghost.
Shakdrar's ghost is severely damaged.
Shakdrar's ghost whispers, "It is all a dream - a grotesque and foolish dream."
Shakdrar's ghost hits you!
* * * LOW HITPOINT WARNING * * *
Drink which item? (? for menu, Esc to quit)
It was a potion of heal wounds.
You feel much better. Shakdrar's ghost hits you!
* * * LOW HITPOINT WARNING * * *
You scratch shakdrar's ghost but do no damage.
You claw shakdrar's ghost!
Shakdrar's ghost is almost destroyed.
You barely miss shakdrar's ghost.
Shakdrar's ghost is almost destroyed.
Shakdrar's ghost hits you.
* * * LOW HITPOINT WARNING * * *
You barely miss shakdrar's ghost.
Shakdrar's ghost is almost destroyed.
Shakdrar's ghost hits you!
You die...

##.....#
##........####
##.####
#...####.#
##.##
#.....##.#
#.##
.###..#.##.#
.##
......#.##.#
.# #.......#
.## ####.####
..# #W#######
..# #@W....$.
))####
#########
)....####
.....<..#
..##.##.#
.###.##.####
...........#
...#.##.##.#
...#.##.##.#


You could see a phantom and shakdrar's ghost.

Vanquished Creatures
  Sigmund (D:3)
  An orc priest (D:4)
  2 orc wizards (D:3)
  A hound (D:2)
  An iguana (D:4)
  3 adders
  2 oozes
  3 worms
  8 orcs
  3 ball pythons
  6 bats
  A giant cockroach (D:1)
  3 hobgoblins (D:2)
  3 jackals (D:4)
  A quokka (D:2)
  3 giant geckos
  4 giant newts (D:1)
  5 goblins
  8 kobolds
  7 rats
66 creatures vanquished.

Vanquished Creatures (others)
  5 toadstools (D:1)
5 creatures vanquished.

Grand Total: 71 creatures vanquished

Notes
Turn   | Place    | Note
--------------------------------------------------------------
     0 | D:1      | Neuromancien059 the Troll Monk began the quest for the Orb.
     0 | D:1      | Reached XP level 1. HP: 22/22 MP: 0/0
    30 | D:1      | Reached XP level 2. HP: 29/29 MP: 1/1
   650 | D:2      | Reached XP level 3. HP: 32/36 MP: 2/2
   774 | D:2      | Found an ancient bone altar of Kikubaaqudgha.
   775 | D:2      | Found a blossoming altar of Fedhas.
  1050 | D:2      | Found a burning altar of Makhleb.
  1053 | D:2      | Reached XP level 4. HP: 44/44 MP: 3/3
  1057 | D:2      | Became a worshipper of Makhleb the Destroyer
  1057 | D:2      | Acquired Makhleb's first power
  1057 | D:2      | Acquired Makhleb's second power
  1232 | D:3      | Noticed Sigmund
  1240 | D:3      | Killed Sigmund
  1240 | D:3      | Reached skill level 5 in Unarmed Combat
  1240 | D:3      | Reached XP level 5. HP: 43/53 MP: 4/4
  1284 | D:3      | Reached XP level 6. HP: 40/61 MP: 5/5
  1483 | D:3      | Found a stormy altar of Qazlal.
  2118 | D:4      | Acquired Makhleb's third power
  2189 | D:4      | Noticed shakdrar's ghost (experienced DsFi)
  2212 | D:4      | HP: 2/61 [shakdrar's ghost (16)]
  2216 | D:4      | Slain by shakdrar's ghost

Vault maps used:
D:1:      ldierk_walled_garden
D:2:      makhleb_heckhound_becter, grunt_temple_overflow_growth_and_decay
D:3:      grunt_qazlal_sundering, first_bread, uniq_sigmund

Action                   |  1- 3 |  4- 6 || total
-------------------------+-------+-------++-------
Melee: Unarmed           |   134 |    83 ||   217
  Use: Potion            |       |     5 ||     5
 Stab: Sleeping          |     3 |     3 ||     6
  Eat: Chunk             |     5 |     5 ||    10
       Pizza             |     1 |       ||     1
       Bread ration      |       |     1 ||     1
       Beef jerky        |       |     1 ||     1
